 Dungeon Crawl Stone Soup version 0.26-a0-812-g31a745ddcd (webtiles) character file.

Game seed: 5525201047618456556

21 Kuinu the Skirmisher (level 3, -1/23 HPs)
             Began as a Kobold Fighter on Nov 19, 2020.
             Slain by Crazy Yiuf
             ... wielding a +4 quarterstaff of chaos
              (2 damage)
             ... on level 2 of the Dungeon.
             The game lasted 00:03:13 (1007 turns).

Kuinu the Skirmisher (Kobold Fighter)               Turns: 1007, Time: 00:03:13

Health: -1/23      AC:  7    Str: 13    XL:     3   Next: 2%
Magic:  3/3        EV: 16    Int:  9    God:
Gold:   52         SH:  0    Dex: 15    Spells: 2/2 levels left

rFire    . . .     SeeInvis .   a - +0 rapier
rCold    . . .     Faith    .   (shield restricted)
rNeg     . . .     Spirit   .   b - +0 scale mail
rPois    .         Reflect  .   (no helmet)
rElec    .         Harm     .   (no cloak)
rCorr    .         Rampage  .   l - +0 pair of gloves
MR       .....                  (no boots)
Stlth    +.........             (no amulet)
HPRegen  0.07/turn              (no ring)
MPRegen  0.08/turn              (no ring)

@: agile, lethally poisoned (-1 -> -9), slowed, very slow
A: small, nightstalker 3
a: no special abilities


You were on level 2 of the Dungeon.
You visited 1 branch of the dungeon, and saw 2 of its levels.

You collected 52 gold pieces.

Inventory:

Hand Weapons
 a - a +0 rapier (weapon)
 g - a +0 short sword
Armour
 b - a +0 scale mail (worn)
 c - a +0 kite shield
 l - a +0 pair of gloves (worn)
Scrolls
 e - 2 scrolls of teleportation {unknown}
 i - a scroll of identify {unknown}
 j - a scroll of remove curse {unknown}
Potions
 d - 4 potions of might
 f - 2 potions of heal wounds {unknown}
 h - a potion of attraction {unknown}
 k - a potion of haste {unknown}
 m - a potion of degeneration {unknown}


   Skills:
 + Level 3.4 Fighting
 + Level 2.9 Short Blades
 + Level 2.6 Armour
 + Level 1.1 Dodging
 + Level 1.2 Stealth
 + Level 2.5 Shields


You had 2 spell levels left.
You didn't know any spells.
Your spell library was empty.

Dungeon Overview and Level Annotations

Branches:
Dungeon (2/15)

Altars:

Annotations:
D:2 Crazy Yiuf


Innate Abilities, Weirdness & Mutations

You are small and have problems with some larger weapons.
You are completely attuned to the shadows.


Message History

Crazy Yiuf is lightly wounded.
Crazy Yiuf hits you with a +4 quarterstaff of chaos!
Ouch! That really hurt!
You feel yourself slow down.
There is an open translucent door here.
Crazy Yiuf cries, "Mountain leg wrapper!"
Crazy Yiuf hits you with a +4 quarterstaff of chaos.
* * * LOW HITPOINT WARNING * * *
You are lethally poisoned!
* * * LOW HITPOINT WARNING * * *
You feel sick.
You hit Crazy Yiuf but do no damage.
Crazy Yiuf is lightly wounded.
* * * LOW HITPOINT WARNING * * *
You feel sick.
Crazy Yiuf says, "Crazy?
Crazy!?
PORCUPINE!"
Crazy Yiuf barely misses you.
Crazy Yiuf screams, "Ghoul bag canine!"
Crazy Yiuf hits you with a +4 quarterstaff of chaos.
You die...

##### #)..# #######
#...# ..$.. #...#
########## ##'##
#......... ♣.♣♣
#.#######. ♣♣g♣
#†#.##..#. ♣@♣♣
#...##.... ♣♣.♣
###....#.# ♣♣.♣♣
##..###.. ♣♣...♣
#...# #.# ♣....♣
##...# #.# #....#
####...####.#
#....###........##.#
#...###.........##.#
#..## #.........##.<


You could see Crazy Yiuf.

Vanquished Creatures
  2 dart slugs (D:1)
  A goblin (D:1)
  3 hobgoblins (D:1)
  2 jackals (D:1)
  2 bats
  2 frilled lizards (D:1)
  2 kobolds (D:1)
  3 rats (D:1)
17 creatures vanquished.

Notes
Turn   | Place    | Note
-------+----------+-------------------------------------------
     0 | D:1      | Kuinu the Kobold Fighter began the quest for the Orb.
     0 | D:1      | Reached XP level 1. HP: 14/14 MP: 1/1
   215 | D:1      | Reached XP level 2. HP: 19/19 MP: 2/2
   268 | D:1      | Reached skill level 1 in Stealth
   494 | D:1      | Reached skill level 1 in Dodging
   855 | D:1      | Reached XP level 3. HP: 23/23 MP: 3/3
   993 | D:2      | Found a runed translucent door.
   996 | D:2      | Noticed Crazy Yiuf
  1007 | D:2      | HP: 1/23 [poisoned by Crazy Yiuf]
  1007 | D:2      | Slain by Crazy Yiuf

Illustrated notes

Levels and vault maps discovered:
D:1:      eino_arrival_water_cross, layout_basic
D:2:      layout_rooms, marbit_many_paths, serial_co_window_serial,
          co_window_paths_a, co_window_paths_b, co_window_paths_b,
          co_window_paths_a, co_window_paths_b, co_window_cross_3,
          co_window_broadway_c, co_window_of_opportunity_c, co_window_2corner,
          co_window_broadway_b, co_window_2corner, uniq_natasha, uniq_jessica,
          uniq_crazy_yiuf_cottage

Skill      XL: |  1  2 |
---------------+-------+-----
Stealth        | 1 |  1.2
Dodging        | 1 |  1.1
Fighting       | |  3.4
Short Blades   | |  2.9
Armour         | |  2.6
Shields        | |  2.5

Action                   || total
-------------------------++-------
Melee: Rapier            ||    54
 Stab: Sleeping          ||     2
Armor: Scale mail        ||    21
Dodge: Dodged            ||    43

Table legend: (Time is in decaauts)
 A = Elapsed time spent in this place.
 B = Non-inter-level travel time spent in this place.
 C = Inter-level travel time spent in this place.
 D = Time resting spent in this place.
 E = Time spent auto-exploring this place.
 F = Levels seen in this place.
 G = Mean time per level.
                   A        B        C        D        E       F      G
               +--------+--------+--------+--------+--------+-----+--------+
         Total |   1011 |    976 |     35 |      0 |    833 |   2 |  505.5 |
       Dungeon |   1011 |    976 |     35 |      0 |    833 |   2 |  505.5 |
               +--------+--------+--------+--------+--------+-----+--------+

Top non-repeatable levels by time:
     D:1: 908 daAuts
     D:2: 103 daAuts
